 Dungeon Sprint DCSS version 0.26-a0-1002-g7355149c4d (webtiles) character file.

Game seed: 15605682169949847360

1183 mhtbhm the Grappler (level 8, -5/133 HPs)
             Began as a Troll Berserker on Dec 7, 2020.
             Was a High Priest of Trog.
             Slain by a 14-headed hydra (13 damage)
             ... in the Dungeon (Sprint IX: "|||||||||||||||||||||||||||||").
             The game lasted 00:00:34 (168 turns).

mhtbhm the Grappler (Troll Berserker)                Turns: 168, Time: 00:00:35

Health: -5/133     AC:  7    Str: 28    XL:     8   Next: 19%
Magic:  7/7        EV: 15    Int:  6    God:    Trog [*****.]
Gold:   0          SH:  0    Dex:  9    Spells: 7/7 levels left

rFire    . . .     SeeInvis .     - Unarmed
rCold    . . .     Faith    .   (no shield)
rNeg     . . .     Spirit   .   a - +0 animal skin
rPois    .         Reflect  .   (helmet restricted)
rElec    .         Harm     .   k - +0 cloak
rCorr    .         Rampage  .   (gloves unavailable)
Will     .....     NoTele   +   (boots unavailable)
Stlth    ..........             (no amulet)
HPRegen  0.72/turn              l - +3 ring of intelligence
MPRegen  0.10/turn              m - +2 ring of evasion

@: berserking, very quick
A: large, unfitting armour, claws 3, regeneration 1, shaggy fur 1, tough skin 3
a: Berserk, Trog's Hand, Brothers in Arms, Renounce Religion


You were in the Dungeon.
You worshipped Trog.
Trog was extremely pleased with you.
You visited 1 branch

Inventory:

Armour
 a - a +0 animal skin (worn)
 k - a +0 cloak (worn)
Jewellery
 l - a +3 ring of intelligence (left claw)
 m - a +2 ring of evasion (right claw)
Wands
 j - a wand of acid (10)
Scrolls
 g - 2 scrolls of blinking
 i - 3 scrolls of remove curse
Potions
 b - 5 potions of curing
 c - 3 potions of heal wounds
 d - a potion of haste
 e - 4 potions of magic
 f - a potion of berserk rage
 h - a potion of invisibility


   Skills:
 + Level 8.4 Fighting
 + Level 7.9 Dodging
 + Level 12.6 Unarmed Combat


You had 7 spell levels left.
You didn't know any spells.
Your spell library was empty.

Dungeon Overview and Level Annotations

Branches:
Dungeon (1/1)

Altars:
Cheibriados
Dithmenos
Elyvilon
Fedhas
Gozag
Hepliaklqana
Kikubaaqudgha
Makhleb
Nemelex Xobeh
Okawaru
Qazlal
Ru
Sif Muna
Trog
Uskayaw
Vehumet
Wu Jian
Xom
Yredelemnul
Zin
The Shining One
Beogh
Jiyva
Lugonu


Innate Abilities, Weirdness & Mutations

You are too large for most types of armour.
You have claws for hands.
Your natural rate of healing is unusually fast.
You are covered in fur. (AC +1)
You have extremely tough skin. (AC +3)


Message History

The 12-headed hydra misses you. The 12-headed hydra bites you!
You rip one of the 12-headed hydra's heads off!
The 11-headed hydra grows two more!
You eviscerate the 13-headed hydra!!!
The 13-headed hydra is almost dead.
Unknown command.
You rip one of the 13-headed hydra's heads off!
The 12-headed hydra grows two more!
You scratch the 14-headed hydra.
The 14-headed hydra is almost dead.
The 14-headed hydra closely misses you. x2; The 14-headed hydra misses you.
The 14-headed hydra bites you but does no damage. x2
The 14-headed hydra bites you!
* * * LOW HITPOINT WARNING * * *
The 14-headed hydra bites you!
* * * LOW HITPOINT WARNING * * *
The 14-headed hydra bites you.
* * * LOW HITPOINT WARNING * * *
The 14-headed hydra bites you!
* * * LOW HITPOINT WARNING * * *
The 14-headed hydra bites you!
You die... ▓▓▓▓▓▓▓▓▓▓▓▓▓▓▓▓▓▓▓▓▓▓▓▓ .?)..[[..'......@DsF...+ ▓▓▓▓▓▓▓▓▓▓▓▓▓▓▓▓▓▓▓▓▓▓▓▓

You could see a 14-headed hydra, a bullfrog and a scorpion.

Vanquished Creatures
  A two-headed ogre (D)
  A yak (D)
  An ice beast (D)
  A phantom (D)
  2 bullfrogs (D)
  A jelly (D)
  An iguana (D)
  A worker ant (D)
  An adder (D)
  A shadow imp (D)
  An ufetubus (D)
  A hobgoblin (D)
  2 kobolds (D)
  A ball python skeleton (D)
  A bat (D)
  A frilled lizard (D)
  A rat (D)
19 creatures vanquished.

Notes
Turn   | Place    | Note
-------+----------+-------------------------------------------
     0 | D        | mhtbhm the Troll Berserker began the quest for the Orb.
     0 | D        | Reached XP level 1. HP: 22/22 MP: 0/0
    12 | D        | Reached ** piety under Trog
    23 | D        | Noticed a jelly
    23 | D        | Noticed a phantom
    23 | D        | Noticed an iguana
    23 | D        | Noticed a worker ant
    26 | D        | Killed a jelly
    27 | D        | Reached skill level 4 in Unarmed Combat
    27 | D        | Reached XP level 2. HP: 32/32 MP: 1/1
    27 | D        | Reached XP level 3. HP: 39/39 MP: 2/2
    32 | D        | Killed a phantom
    32 | D        | Reached *** piety under Trog
    33 | D        | Reached skill level 5 in Fighting
    33 | D        | Reached skill level 6 in Unarmed Combat
    33 | D        | Reached XP level 4. HP: 50/50 MP: 3/3
    38 | D        | Reached skill level 5 in Dodging
    38 | D        | Reached skill level 7 in Unarmed Combat
    38 | D        | Reached XP level 5. HP: 57/57 MP: 4/4
    48 | D        | Found a roughly hewn altar of Beogh.
    48 | D        | Found a snail-covered altar of Cheibriados.
    48 | D        | Found a shadowy altar of Dithmenos.
    48 | D        | Found a white marble altar of Elyvilon.
    48 | D        | Found a blossoming altar of Fedhas.
    48 | D        | Found an opulent altar of Gozag.
    49 | D        | Found a hazy altar of Hepliaklqana.
    50 | D        | Found a viscous altar of Jiyva.
    51 | D        | Found an ancient bone altar of Kikubaaqudgha.
    52 | D        | Found a corrupted altar of Lugonu.
    53 | D        | Found a burning altar of Makhleb.
    54 | D        | Found a sparkling altar of Nemelex Xobeh.
    55 | D        | Found an iron altar of Okawaru.
    56 | D        | Found a stormy altar of Qazlal.
    57 | D        | Found a sacrificial altar of Ru.
    58 | D        | Found a shimmering blue altar of Sif Muna.
    59 | D        | Found a bloodstained altar of Trog.
    60 | D        | Found a hide-covered altar of Uskayaw.
    61 | D        | Found a radiant altar of Vehumet.
    62 | D        | Found an ornate altar of the Wu Jian Council.
    63 | D        | Found a shimmering altar of Xom.
    64 | D        | Found a basalt altar of Yredelemnul.
    65 | D        | Found a glowing silver altar of Zin.
    66 | D        | Found a glowing golden altar of the Shining One.
    98 | D        | Noticed a yak
   102 | D        | Killed a yak
   102 | D        | Reached **** piety under Trog
   103 | D        | Reached skill level 9 in Unarmed Combat
   103 | D        | Reached XP level 6. HP: 68/68 MP: 5/5
   113 | D        | Reached skill level 10 in Unarmed Combat
   116 | D        | Reached ***** piety under Trog
   152 | D        | Noticed a two-headed ogre
   152 | D        | Noticed an ice beast
   152 | D        | Noticed an eight-headed hydra
   156 | D        | Killed a two-headed ogre
   157 | D        | Reached skill level 12 in Unarmed Combat
   157 | D        | Reached XP level 7. HP: 80/80 MP: 6/6
   157 | D        | Reached XP level 8. HP: 88/88 MP: 7/7
   168 | D        | Slain by a 14-headed hydra

Illustrated notes

Levels and vault maps discovered:
D:        linesprint [early_d, line_temple, items_1, d_10, items_2, lair_1,
          lair_end, items_3, orc_1, orc_end, items_4, d_15, swamp_1, shoals_1,
          snake_1, spider_1, d_20, vaults_1, items_5, swamp_end, shoals_end,
          snake_end, spider_end, vaults_end, d_27, items_6, zot_1, zot_end,
          crypt_end, forest_end, elf_end, slime_end, tomb_end, abyss_end,
          pan_hell_end]

Skill      XL: |  1  2  3  4  5  6 |
---------------+-------------------+-----
Fighting       | 3 5 6 8 |  8.4
Dodging        | 3 4 5 6 7 |  7.9
Unarmed Combat | 4 6 7 9 12 | 12.6

Action                   |  1- 3 |  4- 6 |  7- 9 || total
-------------------------+-------+-------+-------++-------
Melee: Unarmed           |    21 |    26 |    11 ||    58
       Punch             |       |     1 |     1 ||     2
Invok: Berserk           |     1 |     2 |       ||     3
Armor: Animal skin       |     5 |     1 |     6 ||    12
Dodge: Dodged            |     6 |    12 |    17 ||    35

Table legend: (Time is in decaauts)
 A = Elapsed time spent in this place.
 B = Non-inter-level travel time spent in this place.
 C = Inter-level travel time spent in this place.
 D = Time resting spent in this place.
 E = Time spent auto-exploring this place.
 F = Levels seen in this place.
 G = Mean time per level.
                   A        B        C        D        E       F      G
               +--------+--------+--------+--------+--------+-----+--------+
         Total |    165 |    165 |      0 |     40 |      0 |   1 |  165.0 |
       Dungeon |    165 |    165 |      0 |     40 |      0 |   1 |  165.0 |
               +--------+--------+--------+--------+--------+-----+--------+

Top non-repeatable levels by time:
       D: 165 daAuts
